 Dungeon Crawl Stone Soup version 0.20-a0-309-gcba9277 (console) character file.

90 nht the Chopper (level 4, 0/39 HPs)
             Began as a Minotaur Chaos Knight on Dec 19, 2016.
             Slain by a white imp (3 damage)
             ... on level 4 of the Dungeon.
             The game lasted 00:01:09 (940 turns).

nht the Chopper (Minotaur Chaos Knight)              Turns: 940, Time: 00:01:10

Health: 0/39       AC:  5    Str: 16 (18) XL:     4   Next: 32%
Magic:  3/3        EV: 11    Int:  6 (9)  God:    Xom [..*...]
Gold:   91         SH:  0    Dex:  6 (9)  Spells: 3/3 levels left

rFire  . . .     SeeInvis .     a - +0 hand axe (chaos)
rCold  . . .     Gourm    .     b - +2 leather armour
rNeg   . . .     Faith    .     (no shield)
rPois  .         Spirit   .     (helmet restricted)
rElec  .         Reflect  .     (no cloak)
rCorr  .         Harm     .     (no gloves)
MR     .....                    (no boots)
Stlth  +.........               (no amulet)
                                (no ring)
                                (no ring)

@: no status effects
A: retaliatory headbutt, horns 2
a: Renounce Religion


You were on level 4 of the Dungeon.
You worshipped Xom.
You were a toy of Xom.
You were not hungry.

You visited 1 branch of the dungeon, and saw 3 of its levels.

You collected 91 gold pieces.

Inventory:

Hand Weapons
 a - a +0 hand axe of chaos (weapon)
 h - a +0 hand axe
Armour
 b - a +2 leather armour (worn)
Jewellery
 o - a +2 ring of evasion {unknown}
Scrolls
 e - a scroll of fog {unknown}
 g - a scroll of enchant weapon {unknown}
 l - 3 scrolls of recharging {unknown}
 m - 3 scrolls of identify {unknown}
 n - a scroll of fear {unknown}
 q - a scroll of blinking {unknown}
 r - a scroll of teleportation {unknown}
Potions
 f - a potion of curing
 i - a potion of cancellation {unknown}
 p - a potion of berserk rage {unknown}
Comestibles
 c - 2 bread rations
 d - 5 chunks of flesh
 k - 2 meat rations


   Skills:
 - Level 3.6 Fighting
 + Level 6.2 Axes
 - Level 2.4 Armour
 - Level 1.1 Dodging


You had 3 spell levels left.
You didn't know any spells.

Dungeon Overview and Level Annotations

Branches:
Dungeon (2/15)

Altars:


Innate Abilities, Weirdness & Mutations

You reflexively headbutt those who attack you in melee.
You have a pair of horns on your head.


Message History

The white imp gestures at you. The puff of frost hits you!
You enter the shallow water.
Moving in this stuff is going to be slow.
The white imp gestures at you. The puff of frost hits you!
The white imp gestures at you. The puff of frost hits you!
You closely miss the white imp. You headbutt the white imp.
The white imp is heavily wounded.
The white imp gestures at you. The puff of frost hits you!
* * * LOW HITPOINT WARNING * * *
You are too injured to fight recklessly!
It was a potion of degeneration.
There was something very wrong with that liquid.
You feel weakened.
You feel dopey.
You feel clumsy. The white imp hits you.
You die... "Boring in life, boring in death..."

██.........█
█.........█
.....█.█...█ █..
██.██..█████.█ █
█...█.........
█..██...██..██████
█..█..≈..█..█
█..█.≈≈≈.█..█
█..█.@≈≈.█..█
█..█.5≈≈.█..█
█..█..≈..█..█
█..██%.%██..█
█...█████...█
█.(........██
█...████████


█████ You could see a white imp.

Vanquished Creatures
  A worker ant (D:4)
  A gnoll (D:1)
  2 adders (D:2)
  A dart slug (D:1)
  A leopard gecko (D:1)
  A ball python (D:1)
  A giant cockroach (D:1)
  6 goblins
  3 hobgoblins (D:1)
  4 jackals (D:1)
  A quokka (D:2)
  2 bats (D:1)
  2 frilled lizards (D:1)
  7 kobolds
  2 rats
35 creatures vanquished.

Notes
Turn   | Place    | Note
-------+----------+-------------------------------------------
     0 | D:1      | nht the Minotaur Chaos Knight began the quest for the Orb.
     0 | D:1      | Reached XP level 1. HP: 19/19 MP: 0/0
    15 | D:1      | Reached skill level 4 in Axes
    76 | D:1      | Reached XP level 2. HP: 24/26 MP: 1/1
   180 | D:1      | Reached skill level 5 in Axes
   218 | D:1      | Reached XP level 3. HP: 17/31 MP: 2/2
   473 | D:1      | XOM: harmless Necr miscast
   654 | D:2      | XOM: noise
   909 | D:2      | You fall through a shaft for 2 floors!
   912 | D:4      | XOM: harmless Tloc miscast
   917 | D:4      | Reached skill level 6 in Axes
   917 | D:4      | Reached XP level 4. HP: 20/39 MP: 3/3
   940 | D:4      | Slain by a white imp

Vault maps used:
D:1:      elethiomel_arrival_shortcut
D:2:      minivault_4, minmay_misc_feat_x
D:4:      lemuel_castle_with_subvaults, serial_corexii_hall,
          corexii_hall_statues_l, corexii_hall_statues_i,
          corexii_hall_statues_u, first_bread, minmay_fire_ice_demons

Skill      XL: |  1  2  3 |
---------------+----------+-----
Axes           | 4 5 6 |  6.2
Fighting       | |  3.6
Armour         | |  2.4
Dodging        | |  1.1

Action                   |  1- 3 |  4- 6 || total
-------------------------+-------+-------++-------
Melee: Hand axe          |    91 |     1 ||    92
       Headbutt          |     9 |     1 ||    10
  Use: Potion            |       |     2 ||     2
 Stab: Petrifying        |     1 |       ||     1
Armor: Leather armour    |    31 |       ||    31
Dodge: Dodged            |    48 |       ||    48
